 Dungeon Crawl Stone Soup version 0.29-a0-40-g8eb35efe60 (webtiles) character file.

Game seed: 2789741710727548971

301 Maxmaps the Skirmisher (level 6, 0/52 HPs)
             Began as a Demonspawn Monk on Feb 1, 2022.
             Slain by a hornet zombie (10 damage)
             ... on level 4 of the Dungeon.
             The game lasted 00:04:00 (3289 turns).

Maxmaps the Skirmisher (Demonspawn Monk)            Turns: 3289, Time: 00:04:00

Health: 0/52       AC:  7    Str: 11    XL:     6   Next: 14%
Magic:  6/6        EV: 10    Int: 14    God:
Gold:   109        SH:  0    Dex: 15    Spells: 5/5 levels left

rFire   + . .      SeeInvis .     - Unarmed
rCold   . . .      Faith    .   (no shield)
rNeg    . . .      Spirit   .   i - +0 scale mail
rPois   .          Reflect  .   (no helmet)
rElec   .          Harm     .   (no cloak)
rCorr   .          Rampage  .   (no gloves)
Will    .....                   (no boots)
Stlth   +.........              (no amulet)
HPRegen 0.17/turn               e - ring of protection from fire
MPRegen 0.10/turn               (no ring)

@: no status effects
A: powered by pain 1, sharp scales 1
a: no special abilities


You were on level 4 of the Dungeon.
You visited 1 branch of the dungeon, and saw 4 of its levels.

You collected 109 gold pieces.

Inventory:

Armour
 g - a +1 robe of fire resistance
 h - a +0 leather armour
 i - a +0 scale mail (worn)
Jewellery
 e - a ring of protection from fire (left hand)
Scrolls
 b - a scroll of identify
 c - a scroll of amnesia
 f - a scroll of magic mapping {unknown}
 j - a scroll of vulnerability {unknown}


   Skills:
 + Level 5.8 Fighting
 - Level 4.0 Dodging
 - Level 1.7 Stealth
 - Level 3.1 Unarmed Combat


You had 5 spell levels left.
You didn't know any spells.
Your spell library contained the following spells:

 Spells                   Type           Power      Damage    Failure   Level
 Fulminant Prism          Conj/Hex       0%         3d6       100%        4
 Iskenderun's Mystic Bla  Conj/Tloc      0%         2d3       100%        4
 Lee's Rapid Deconstruct  Erth           0%         3d5*      100%        5


Dungeon Overview and Level Annotations

Branches:
Dungeon (4/15)
 Temple: D:4-7

Altars:
Qazlal

Shops:
D:1 ??:[   D:4 :


Innate Abilities, Weirdness & Mutations

You sometimes gain a little power by taking damage.
You are partially covered in razor-sharp scales. (AC +1, Slay +1)


Message History

No target in view!
No target in view!
No target in view!
No target in view!
No target in view!
No target in view!
No target in view!
No target in view!
No target in view!
No target in view!
No target in view!
Unknown command.
Items here: ( )) †.
You now have 109 gold pieces (gained 7).
A hornet zombie comes into view.
A hornet zombie is nearby!
Found a book of Spatial Translocations.
You hit the hornet zombie but do no damage.
You punch the hornet zombie, but do no damage.
The hornet zombie hits you.
You hit the hornet zombie.
The hornet zombie is lightly damaged.
The hornet zombie hits you!
You barely miss the hornet zombie.
The hornet zombie is lightly damaged.
The hornet zombie hits you! The hornet zombie hits you.
You aren't carrying any potions.
The hornet zombie completely misses you.
As you read the scroll labelled BAZEIM DOMAMO, it crumbles to dust.
The creatures around you are filled with an inner flame!
It was a scroll of immolation.
The hornet zombie hits you!
As you read the scroll labelled GOCUTS TIET, it crumbles to dust.
It is a scroll of identify.
c - a scroll of amnesia The hornet zombie hits you!
* * * LOW HITPOINT WARNING * * *
As you read the scroll labelled EFEAQO MYNN, it crumbles to dust.
The scroll dissolves into smoke.
It was a scroll of fog.
The hornet zombie hits you!
You die...

#..........##.....#
####.....######...##
#####...###.## #.#....######
###.....### #..###...........#
##...#########........#.#.#.#.##
................####.....⌠.....#
##.##########..§§§....#.#.#.#..##
#.# ######..##§####..⌠.∩.⌠...).
#.####......###@# #.#.#.#.#.###
##)##...###### #Z## #....⌠....##.
#..#..### #§§# #.#.#.#.#.##.
.....## ##.# #.........##. .#####
#.........#.##..#####.† ..
.............#.## #..# #..
#.#:......##..... #... ..#
..........# #$.#.###..# ..#
#.#.......###..#..#..##


You could see a hornet zombie (inner flame).

Vanquished Creatures
  A black bear (D:4)
  An ogre (D:4)
  A hound skeleton (D:4)
  5 adders
  A worm (D:2)
  2 orcs
  4 ball pythons
  7 bats
  3 endoplasms
  3 giant cockroaches
  10 goblins
  10 hobgoblins
  4 jackals (D:2)
  3 quokkas
  3 frilled lizards
  5 kobolds
  5 rats
68 creatures vanquished.

Notes
Turn   | Place    | Note
-------+----------+-------------------------------------------
     0 | D:1      | Maxmaps the Demonspawn Monk began the quest for the Orb.
     0 | D:1      | Reached XP level 1. HP: 18/18 MP: 1/1
   227 | D:1      | Gained mutation: You sometimes gain a little power by
                  | taking damage. [demonic ancestry]
   227 | D:1      | Reached XP level 2. HP: 24/24 MP: 2/2
   339 | D:1      | Found Witiysus's Armour Shoppe.
   526 | D:1      | Found Vausk's Book Shop.
   529 | D:1      | Found Tampohah's Magic Scroll Emporium.
   547 | D:1      | Found Zuuh's Magic Scroll Boutique.
   947 | D:2      | Reached XP level 3. HP: 13/29 MP: 3/3
  1607 | D:2      | Gained mutation: You are partially covered in razor-sharp
                  | scales. (AC +1, Slay +1) [demonic ancestry]
  1607 | D:2      | Reached XP level 4. HP: 28/35 MP: 4/4
  2370 | D:3      | Found a faded altar of an unknown god.
  2409 | D:3      | Found a stormy altar of Qazlal.
  2713 | D:3      | Reached skill level 4 in Fighting
  2967 | D:4      | Noticed a black bear
  2976 | D:4      | Killed a black bear
  2977 | D:4      | Reached skill level 5 in Fighting
  2977 | D:4      | Reached XP level 5. HP: 44/44 MP: 5/5
  3095 | D:4      | Noticed an ogre
  3098 | D:4      | Found Bextufruk's Book Boutique.
  3105 | D:4      | Killed an ogre
  3106 | D:4      | Reached XP level 6. HP: 52/52 MP: 6/6
  3289 | D:4      | Slain by a hornet zombie

Illustrated notes

Levels and vault maps discovered:
D:1:      dpeg_arrival_rooms_a, layout_basic, serial_shops,
          nicolae_diamond_shop, nicolae_shop_statue_plus, shop, shop
D:2:      layout_basic
D:3:      layout_rooms, nicolae_qazlal_eye_of_the_storm,
          hellmonk_ecumenical_altar_crossroads
D:4:      layout_rooms, minitemple, serial_glass, glass_columns_b,
          glass_columns_b, glass_columns_b, glass_columns_b, item_on_display_a,
          feat_on_display, minmay_strange_pillars, serial_shops,
          nicolae_shop_trees, ebering_dispersal_statue_hall,
          minmay_shop_grid_forest

Skill      XL: |  1  2  3  4 |
---------------+-------------+-----
Unarmed Combat | 3 |  3.1
Dodging        | 3 4 |  4.0
Fighting       | 5 |  5.8
Stealth        | |  1.7

Action                   |  1- 3 |  4- 6 || total
-------------------------+-------+-------++-------
Melee: Unarmed           |   124 |   113 ||   237
       Punch             |       |     3 ||     3
  Use: Potion            |       |     2 ||     2
       Scroll            |       |     3 ||     3
 Stab: Sleeping          |     9 |     1 ||    10
Armor: Robe              |    13 |     5 ||    18
       Scale mail        |       |    21 ||    21
       Leather armour    |       |     6 ||     6
Dodge: Dodged            |    82 |    67 ||   149

Table legend: (Time is in decaauts)
 A = Elapsed time spent in this place.
 B = Non-inter-level travel time spent in this place.
 C = Inter-level travel time spent in this place.
 D = Time resting spent in this place.
 E = Time spent auto-exploring this place.
 F = Levels seen in this place.
 G = Mean time per level.
                   A        B        C        D        E       F      G
               +--------+--------+--------+--------+--------+-----+--------+
         Total |   3287 |   3207 |     80 |    624 |   1944 |   4 |  821.8 |
       Dungeon |   3287 |   3207 |     80 |    624 |   1944 |   4 |  821.8 |
               +--------+--------+--------+--------+--------+-----+--------+

Top non-repeatable levels by time:
     D:2: 1448 daAuts
     D:1: 813 daAuts
     D:3: 672 daAuts
     D:4: 352 daAuts
